 Dungeon Crawl Stone Soup version 0.31-a0-261-g072fdb8a1f (webtiles) character file.

Game seed: 7151080647154922643

95 qw the Shooter (level 4, 0/26 HPs)
             Began as a Gargoyle Hexslinger on July 13, 2023.
             Slain by an orc
             ... wielding a +2 hand axe of flaming
              (1 damage)
             ... on level 3 of the Dungeon.
             The game lasted 00:00:36 (1582 turns).

qw the Shooter (Gargoyle Hexslinger)                Turns: 1582, Time: 00:00:37

Health: 0/26       AC:  6    Str: 11    XL:     4   Next: 66%
Magic:  5/5        EV: 11    Int: 14    God:
Gold:   110        SH:  0    Dex: 14    Spells: 4/5 levels left

rFire   . . .        Y - +0 shortbow
rCold   . . .        (shield currently unavailable)
rNeg    + . .        a - +0 leather armour
rPois   inf          (no helmet)
rElec   +            (no cloak)
rCorr   .            (no gloves)
SInv    .            (no boots)
Will    .....        (no amulet)
Stlth   +            (no ring)
HPRegen 0.24/turn    (no ring)
MPRegen 0.09/turn

%: no passive effects
@: about to teleport
A: sickness immunity, AC +3, negative energy resistance 1, electricity
resistance, torment resistance 1, petrification resistance
a: no special abilities


You were on level 3 of the Dungeon.
You visited 1 branch of the dungeon, and saw 3 of its levels.

You collected 110 gold pieces.


Innate Abilities, Weirdness & Mutations

You are immune to sickness and miasma.
Your stone body is resilient. (AC +3)
You are immune to poison.
You resist negative energy. (rN+)
You are resistant to electric shocks. (rElec)
You are resistant to unholy torment.
You are immune to petrification.


   Skills:
 - Level 2.0 Fighting
 + Level 4.4 Ranged Weapons
 - Level 1.5 Dodging
 - Level 1.0 Spellcasting
 - Level 2.6 Hexes


You had 4 spell levels left.
You knew the following spells:

 Your Spells              Type           Power      Damage    Failure   Level
a - Slow                  Hex            32%        N/A       12%         1

Your spell library contained the following spells:

 Spells                   Type           Power      Damage    Failure   Level
 Inner Flame              Hex/Fire       4%         N/A       52%         3
 Portal Projectile        Hex/Tloc       8%         N/A       52%         3
 Cause Fear               Hex            4%         N/A       75%         4

Inventory:

Hand Weapons
 Y - a +0 shortbow (weapon)
Armour
 a - a +0 leather armour (worn)
 c - a +0 ring mail
Scrolls
 e - a scroll of identify
 f - a scroll of fear {unknown}
Potions
 d - a potion of might {unknown}

Dungeon Overview and Level Annotations

Branches:
Dungeon (3/15)

Altars:
Ru


Message History

Enter note:
Enter note: You shoot an arrow.
The arrow hits the orc priest but does no damage.
The orc priest shouts!
An orc comes into view. It is wielding a +0 club.
You shoot an arrow. The orc shouts!
The arrow hits the orc priest.
The orc priest is lightly wounded.
The orc priest invokes the aid of Beogh against you.
Beogh smites you!
You shoot an arrow. The arrow hits the orc!
You kill the orc!
An orc comes into view.
It is wielding a +2 hand axe of flaming.
You shoot an arrow. The orc shouts!
The arrow hits the orc priest.
The orc priest is heavily wounded.
You shoot an arrow. The arrow hits the orc priest!
The orc priest is almost dead.
The orc priest looks satisfied for a moment.
You shoot an arrow. The arrow barely misses the orc priest.
The orc priest mumbles some strange prayers to Beogh against you.
Pain shoots through your body!
You shoot an arrow.
The arrow hits the orc priest but does no damage.
The orc priest is almost dead.
You shoot an arrow.
The arrow hits the orc priest but does no damage.
The orc priest is almost dead.
You shoot an arrow. The arrow barely misses the orc priest.
The orc priest calls down the wrath of Beogh upon you.
Beogh smites you!
1582 ||| READING scroll of teleportation.
As you read the scroll of teleportation, it crumbles to dust.
You feel strangely unstable.
The orc hits you with a +2 hand axe of flaming.
The orc burns you.
You die...

......................)..........
................................>
...............#.................
..........[.##.#.................
............##...................
##...............................
###.#.####..###.##.####.........
#.#.. #..###........ #.##.
#..#..@o#####. .. #
#.......o...). ...........#.#.
...........# .#.........#
...#######.. ..# .#. .. ...#


You could see an orc priest and an orc.

Vanquished Creatures
  A jelly (D:3)
  2 adders (D:3)
  An orc (D:3)
  4 bats
  7 endoplasms
  2 giant cockroaches (D:1)
  5 goblins
  2 hobgoblins (D:2)
  4 kobolds
  5 quokkas
  4 ball pythons
  4 frilled lizards
  4 rats
45 creatures vanquished.

Notes
Turn   | Place    | Note
-------+----------+-------------------------------------------
     0 | D:1      | qw the Gargoyle Hexslinger began the quest for the Orb.
     0 | D:1      | Reached XP level 1. HP: 12/12 MP: 2/2
     0 | D:1      | 0 ||| qw: Version: 0.3-a-52-g30416fa
     0 | D:1      | 0 ||| qw: Game counter: 7016
     0 | D:1      | 0 ||| qw: Melee chars always use a shield: true
     0 | D:1      | 0 ||| qw: God list: Okawaru
     0 | D:1      | 0 ||| qw: Allow faded altars: false
     0 | D:1      | 0 ||| qw: Do Orc after clearing Dungeon:15 true
     0 | D:1      | 0 ||| qw: Do second Lair branch before Depths: true
     0 | D:1      | 0 ||| qw: Lair rune preference: random
     0 | D:1      | 0 ||| qw: Goals: Normal
     0 | D:1      | 0 ||| PLANNING D:1-11
   210 | D:1      | Reached XP level 2. HP: 16/16 MP: 3/3
   333 | D:1      | Reached skill level 3 in Ranged Weapons
   417 | D:1      | 417 ||| SWAPPING to +0 shortbow.
   431 | D:1      | 431 ||| DROPPING +1 sling.
   544 | D:1      | Found a sacrificial altar of Ru.
   612 | D:1      | Reached XP level 3. HP: 21/21 MP: 4/4
   714 | D:1      | 714 ||| READING 3 scrolls labelled WES EJEOQ.
   715 | D:1      | 715 ||| READING scroll labelled TAOKAL DATIVVU.
   716 | D:1      | 716 ||| READING scroll labelled HIADIOQ UVAI.
   719 | D:1      | 719 ||| READING 2 scrolls of identify.
   719 | D:1      | 719 ||| IDENTIFYING green potion
   720 | D:1      | 720 ||| DROPPING potion of lignification.
   721 | D:1      | 721 ||| DROPPING scroll of poison.
   778 | D:2      | Found a faded altar of an unknown god.
  1401 | D:2      | 1401 ||| UPGRADING to +0 leather armour.
  1411 | D:2      | 1411 ||| DROPPING +0 robe.
  1487 | D:3      | Reached XP level 4. HP: 22/26 MP: 5/5
  1507 | D:3      | Reached skill level 4 in Ranged Weapons
  1560 | D:3      | Identified the +6 scale mail "Irhoxt" {Will+ SInv}
  1581 | D:3      | HP: 2/26 [orc priest/divine providence (9)]
  1582 | D:3      | 1582 ||| READING scroll of teleportation.
  1582 | D:3      | Slain by an orc

Levels and vault maps discovered:
D:1:      dpeg_cavernosity, layout_loops_ring, minmay_hexomino_r4
D:2:      layout_basic, ebering_ecumenical_altar_mist, interstate_on_off
D:3:      layout_rooms, tgw_fedhas, kennysheep_generic_room_7

Skill      XL: |  1  2  3  4 |
---------------+-------------+-----
Ranged Weapons | 3 4 |  4.4
Fighting       | 2 |  2.0
Dodging        | |  1.5
Spellcasting   | |  1.0
Hexes          | |  2.6

Action                     |  1- 3 |  4- 6 || total
---------------------------+-------+-------++-------
   Fire: Sling             |    27 |       ||    27
         Shortbow          |    93 |    16 ||   109
    Use: Scroll            |     4 |     1 ||     5
 Armour: Robe              |    17 |       ||    17
         Leather armour    |     5 |       ||     5
  Dodge: Dodged            |    34 |       ||    34

Table legend:
 A = Non-vault XP
 B = Vault XP
 C = Vault XP percentage of total XP
 D = Non-vault monster count
 E = Vault monster count
 F = Vault count percentage of total count
                 A         B        C        D         E       F
            +---------+---------+-------+---------+---------+-------
      Total |     110 |      27 |  19.7 |      35 |      10 |  22.2
            +---------+---------+-------+---------+---------+-------
        D:1 |      22 |      14 |  38.9 |      13 |       9 |  40.9
        D:2 |      22 |       0 |   0.0 |      14 |       0 |   0.0
        D:3 |      66 |      13 |  16.5 |       8 |       1 |  11.1
            +---------+---------+-------+---------+---------+-------
